 Dungeon Crawl Stone Soup version 0.26.0-10-g1f06aea511 (webtiles) character file.

Game seed: 10342779699943843188

184 MajorAdolf the Digger (level 5, -5/44 HPs)
             Began as a Naga Wanderer on Jan 16, 2021.
             Killed by divine providence
             ... invoked by an orc priest
              (13 damage)
             ... on level 3 of the Dungeon.
             The game lasted 00:04:21 (3429 turns).

MajorAdolf the Digger (Naga Wanderer)               Turns: 3429, Time: 00:04:21

Health: -5/44      AC:  5    Str: 16    XL:     5   Next: 63%
Magic:  10/10      EV:  7    Int: 12    God:
Gold:   89         SH:  0    Dex: 10    Spells: 10/11 levels left

rFire    + . .     SeeInvis +   k - +3 hand axe (venom)
rCold    . . .     Faith    .   (no shield)
rNeg     . . .     Spirit   .   l - +1 scale mail {rF+}
rPois    +         Reflect  .   (no helmet)
rElec    .         Harm     .   (no cloak)
rCorr    .         Rampage  .   (no gloves)
Will     .....                  (no barding)
Stlth    ..........             (no amulet)
HPRegen  0.14/turn              i - ring of flight
MPRegen  0.12/turn              (no ring)

@: very slow
A: large, see invisible, deformed body, poison resistance, slowness 2, spit
poison 1, AC +1
a: Spit Poison, Evoke Flight


You were on level 3 of the Dungeon.
You visited 1 branch of the dungeon, and saw 3 of its levels.

You collected 89 gold pieces.

Inventory:

Hand Weapons
 a - a +0 club
 k - a +3 hand axe of venom (weapon)
Missiles
 e - 73 stones
Armour
 b - a +0 ring mail
 d - a +0 robe
 l - a +1 scale mail of fire resistance (worn)
Jewellery
 i - a ring of flight (left hand)
 j - a +6 ring of strength {unknown}
Wands
 o - a wand of enslavement (9)
Scrolls
 h - 3 scrolls of identify {unknown}
 n - 2 scrolls of teleportation {unknown}
Potions
 c - 2 potions of curing
 f - a potion of cancellation {unknown}
 g - 2 potions of brilliance {unknown}
 m - a potion of flight {unknown}
 p - a potion of ambrosia {unknown}


   Skills:
 - Level 1.0 Fighting
 - Level 1.0 Throwing
 - Level 1.5 Stealth
 + Level 3.8 Spellcasting
 - Level 1.0 Necromancy
 - Level 1.0 Air Magic
 + Level 4.1 Earth Magic
 - Level 2.6 Poison Magic


You had 10 spell levels left.
You knew the following spells:

 Your Spells              Type           Power        Failure   Level
a - Sandblast             Erth           24%          16%         1

Your spell library contained the following spells:

 Spells                   Type           Power        Failure   Level
 Passwall                 Tmut/Erth      5%           50%         2
 Foxfire                  Conj/Fire      8%           65%         1
 Stone Arrow              Conj/Erth      14%          73%         3
 Inner Flame              Hex/Fire       2%           95%         3
 Petrify                  Tmut/Erth      7%           98%         4
 Lee's Rapid Deconstruct  Erth           6%           99%         5


Dungeon Overview and Level Annotations

Branches:
Dungeon (3/15)

Altars:
Ashenzari
Gozag
Vehumet
Wu Jian


Innate Abilities, Weirdness & Mutations

You cannot wear boots.
Your serpentine skin is tough. (AC +1)
You have supernaturally acute eyesight. (SInv)
Armour fits poorly on your strangely shaped body.
Your system is resistant to poisons. (rPois)
You cover ground very slowly.
You can spit poison.


Message History

An orc wizard comes into view. It is wielding a -2 dagger.
Unknown command.
Unknown command.
You closely miss the orc priest.
The orc priest is heavily wounded.
You barely miss the orc.
The orc wizard shouts!
The orc priest hits you with a +0 flail.
* * * LOW HITPOINT WARNING * * *
An orc comes into view. It is wielding a +0 flail.
The orc hits you but does no damage.
Your scale mail prevents you from hitting the orc priest.
The orc priest is heavily wounded.
You closely miss the orc.
The orc shouts!
You hear a shout!
The orc hits you with a +0 dagger.
* * * LOW HITPOINT WARNING * * *
The orc priest invokes the aid of Beogh against you.
Beogh smites you!
You die...

. .. ... ....
#.... #
#.....#####....
#....@o......
.......o†..##.#
....####...#
### .....
..$...# ......#
..o.#.# o...#.#


You could see an orc priest (very poisoned), an orc wizard and 2 orcs.

Vanquished Creatures
  An orc priest (D:2)
  Jessica (D:2)
  Terence (D:2)
  3 adders (D:2)
  2 worms (D:2)
  4 dart slugs (D:1)
  A leopard gecko (D:2)
  5 orcs
  3 giant cockroaches (D:1)
  5 goblins
  6 hobgoblins
  4 jackals (D:2)
  A quokka (D:2)
  2 ball pythons (D:2)
  7 bats
  2 frilled lizards
  4 kobolds
  8 rats
60 creatures vanquished.

Notes
Turn   | Place    | Note
-------+----------+-------------------------------------------
     0 | D:1      | MajorAdolf the Naga Wanderer began the quest for the Orb.
     0 | D:1      | MajorAdolf set off with the following items: a +0 club, a
                  | potion of curing, a +0 robe; and the following spells
                  | available to memorise: Sandblast, Foxfire, Passwall, Stone
                  | Arrow, Inner Flame, Petrify, Lee's Rapid Deconstruction
     0 | D:1      | Reached XP level 1. HP: 15/15 MP: 3/3
   322 | D:1      | Reached skill level 1 in Fighting
   374 | D:1      | Learned a level 1 spell: Sandblast
   431 | D:1      | Reached XP level 2. HP: 12/25 MP: 5/5
  1339 | D:1      | Reached XP level 3. HP: 29/31 MP: 6/6
  2299 | D:2      | Noticed Terence
  2311 | D:2      | Killed Terence
  2312 | D:2      | Reached skill level 3 in Earth Magic
  2312 | D:2      | Reached XP level 4. HP: 38/38 MP: 8/8
  2898 | D:2      | Found a radiant altar of Vehumet.
  2907 | D:2      | Found a broken altar of Ashenzari.
  2910 | D:2      | Found an ornate altar of the Wu Jian Council.
  2913 | D:2      | Found an opulent altar of Gozag.
  2917 | D:2      | Reached XP level 5. HP: 41/44 MP: 10/10
  3206 | D:2      | Noticed Jessica
  3218 | D:2      | Killed Jessica
  3391 | D:2      | Reached skill level 4 in Earth Magic
  3429 | D:3      | Killed from afar by an orc priest

Illustrated notes

Levels and vault maps discovered:
D:1:      denvon_arrival_waterhouse, layout_loops_ring,
          minmay_misc_feat_ornament
D:2:      layout_loops_ring, grunt_temple_overflow_cloverleaf, uniq_terence,
          uniq_jessica
D:3:      layout_loops_ring, serial_undead, serial_undead_a, serial_undead_e,
          serial_undead_f, serial_undead_d,
          chequers_ecumenical_altar_simple_redux

Skill      XL: |  1  2  3  4  5 |
---------------+----------------+-----
Fighting       | 1 |  1.0
Spellcasting   | 3 |  3.8
Earth Magic    | 3 4 |  4.1
Throwing       | |  1.0
Stealth        | |  1.5
Necromancy     | |  1.0
Air Magic      | |  1.0
Poison Magic   | |  2.6

Action                   |  1- 3 |  4- 6 || total
-------------------------+-------+-------++-------
Melee: Club              |    64 |       ||    64
       Hand axe          |    10 |    83 ||    93
 Cast: Sandblast         |     1 |       ||     1
 Abil: Spit Poison       |    15 |       ||    15
 Stab: Sleeping          |     3 |       ||     3
Armor: Robe              |    18 |       ||    18
       Scale mail        |       |    47 ||    47
Dodge: Dodged            |    49 |    37 ||    86
